 Dungeon Sprint DCSS version 0.27-a0-978-g2aa4ecdaef (webtiles) character file.

Game seed: 10481061367585953079

819 mhtbhm the Geomancer (level 7, -6/36 HPs)
             Began as a Gargoyle Earth Elementalist on Apr 14, 2021.
             Mangled by a boulder beetle (42 damage)
             ... in the Dungeon (Sprint II: "The Violet Keep of Menkaure").
             The game lasted 00:02:22 (568 turns).

mhtbhm the Geomancer (Gargoyle Earth Elementalist)   Turns: 568, Time: 00:02:22

Health: -6/36      AC:  6    Str: 12    XL:     7   Next: 95%
Magic:  5/19       EV: 13    Int: 17    God:
Gold:   729        SH:  0    Dex: 10    Spells: 8/23 levels left

rFire    . . .     SeeInvis .   (no weapon)
rCold    . . .     Faith    .   (no shield)
rNeg     + . .     Spirit   .   c - +0 robe
rPois    ∞         Reflect  .   (no helmet)
rElec    +         Harm     .   (no cloak)
rCorr    .         Rampage  .   (no gloves)
Will     .....     NoTele   +   (no boots)
Stlth    ++........             (no amulet)
HPRegen  0.12/turn              (no ring)
MPRegen  0.16/turn              (no ring)

@: no status effects
A: AC +4, negative energy resistance 1, electricity resistance, torment
resistance 1, unbreathing 1, petrification resistance
a: no special abilities


You were in the Dungeon.
You visited 1 branch You collected 729 gold pieces.

Inventory:

Missiles
 b - 20 stones
Armour
 c - a +0 robe (worn)
Scrolls
 i - a scroll of blinking
Potions
 d - a potion of curing
 f - a potion of haste


   Skills:
 + Level 5.6 Dodging
 - Level 3.1 Stealth
 - Level 0.9 Unarmed Combat
 + Level 8.9 Spellcasting
 + Level 2.0 Transmutations
 + Level 14.0 Earth Magic


You had 8 spell levels left.
You knew the following spells:

 Your Spells              Type           Power      Damage    Failure   Level
a - Sandblast             Erth           100%       2d20      1%          1
b - Passwall              Tmut/Erth      29%        N/A       1%          2
c - Stone Arrow           Conj/Erth      62%        3d10      1%          3
d - Lee's Rapid Deconstr  Erth           26%        3d15*     1%          5
e - Petrify               Tmut/Erth      35%        N/A       3%          4

Your spell library contained the following spells:

 Spells                   Type           Power      Damage    Failure   Level


Dungeon Overview and Level Annotations

Branches:
Dungeon (1/1)

Altars:


Innate Abilities, Weirdness & Mutations

Your stone body is resilient. (AC +4)
You are immune to poison.
You resist negative energy. (rN+)
You are resistant to electric shocks. (rElec)
You are resistant to unholy torment.
You can survive without breathing.
You are immune to petrification.


Message History

Okay, then.
Magic courses through your body.
Casting: Lee's Rapid Deconstruction (dangerous; 1% risk of failure)
Confirm with . or Enter, or press ? or * to list all spells.
Aiming: Lee's Rapid Deconstruction (dangerous; 1% risk of failure)
Press: ? - help, Dir - move target, f/p - boulder beetle Fragment what (e.g. wall or brittle monster)?: a boulder beetle (heavily wounded, rolling, petrified)
An open door.
The boulder beetle shatters!!
The boulder beetle is heavily wounded.
Unknown command.
Casting: Lee's Rapid Deconstruction (dangerous; 1% risk of failure)
Confirm with . or Enter, or press ? or * to list all spells.
Aiming: Lee's Rapid Deconstruction (dangerous; 1% risk of failure)
Press: ? - help, Dir - move target, f/p - boulder beetle Fragment what (e.g. wall or brittle monster)?: a boulder beetle (heavily wounded, rolling, petrified)
An open door.
The boulder beetle shatters!!
The boulder beetle is severely wounded.
Unknown command.
Unknown command.
Casting: Lee's Rapid Deconstruction (dangerous; 1% risk of failure)
Confirm with . or Enter, or press ? or * to list all spells.
Aiming: Lee's Rapid Deconstruction (dangerous; 1% risk of failure)
Press: ? - help, Dir - move target, f/p - boulder beetle Fragment what (e.g. wall or brittle monster)?: a boulder beetle (severely wounded, rolling, petrified)
An open door.
The boulder beetle shatters!!
The boulder beetle is almost dead.
The boulder beetle is no longer petrified.
Unknown command.
Unknown command.
There is an open door here.
Casting: Lee's Rapid Deconstruction (dangerous; 1% risk of failure)
Confirm with . or Enter, or press ? or * to list all spells.
You don't have enough magic to cast this spell.
Unknown command.
The boulder beetle hits you!!!
Ouch! That really hurt!
You die...

##+## ##...##
#..#..#
####.).#### ##
##.###'###.##..#
#..###.##@#.#..#
+##.'.°○B##.'..#
#..###.###..#....#
##. #+# #.##......
## $#. ## ..... ..
.B §≈≈.. ##. .##
≈§≈. ## ## ≈≈≈≈


You could see a boulder beetle (rolling).

Vanquished Creatures
  A merfolk siren (D)
  2 neqoxecs (D)
  4 scorpions (D)
7 creatures vanquished.

Vanquished Creatures (others)
  Menkaure (D)
  A water moccasin (D)
2 creatures vanquished.

Grand Total: 9 creatures vanquished

Notes
Turn   | Place    | Note
-------+----------+-------------------------------------------
     0 | D        | mhtbhm the Gargoyle Earth Elementalist began the quest for
                  | the Orb.
     0 | D        | Reached XP level 1. HP: 10/10 MP: 3/3
     1 | D        | Noticed a scorpion
     1 | D        | Noticed a scorpion
     9 | D        | Killed Menkaure
    10 | D        | Killed a scorpion
    11 | D        | Reached skill level 7 in Earth Magic
    11 | D        | Reached XP level 2. HP: 13/15 MP: 0/6
    11 | D        | Reached XP level 3. HP: 17/19 MP: 0/8
    11 | D        | Reached XP level 4. HP: 22/24 MP: 0/9
    12 | D        | Killed a water moccasin
    19 | D        | Killed a scorpion
    20 | D        | Reached skill level 1 in Transmutations
    20 | D        | Reached skill level 9 in Earth Magic
    20 | D        | Reached XP level 5. HP: 17/28 MP: 1/11
    27 | D        | Reached skill level 5 in Spellcasting
    27 | D        | Reached skill level 10 in Earth Magic
    28 | D        | Reached XP level 6. HP: 21/32 MP: 10/14
    63 | D        | Learned a level 2 spell: Passwall
    67 | D        | Learned a level 3 spell: Stone Arrow
    73 | D        | Learned a level 5 spell: Lee's Rapid Deconstruction
    78 | D        | Learned a level 4 spell: Petrify
    90 | D        | Noticed a merfolk siren
    93 | D        | Killed a merfolk siren
    94 | D        | Reached skill level 5 in Dodging
    94 | D        | Reached skill level 13 in Earth Magic
    94 | D        | Reached XP level 7. HP: 32/36 MP: 3/18
   193 | D        | Noticed a boulder beetle
   193 | D        | Noticed a boulder beetle
   431 | D        | Noticed a neqoxec
   432 | D        | Noticed a neqoxec
   433 | D        | Killed a neqoxec
   435 | D        | Killed a neqoxec
   435 | D        | Noticed a neqoxec
   436 | D        | Reached skill level 14 in Earth Magic
   568 | D        | Mangled by a boulder beetle

Illustrated notes

Levels and vault maps discovered:
D:        the_violet_keep_of_menkaure [sprint2_stairs_cluster_1,
          sprint2_shoproom, sprint2_temple, sprint2_basic_supplies,
          sprint2_obstacle_4, sprint2_obstacle_2, sprint2_obstacle_5,
          sprint2_obstacle_6, sprint2_obstacle_3, sprint2_timed_cluster_1,
          sprint2_smallroom_cluster_1, sprint2_smallroom_final_cluster_1,
          sprint2_transparent_cluster_1, sprint2_second_timed_cluster_1,
          sprint2_sniper_area_1, sprint2_heavy_combat_area_1,
          sprint2_mutation_trap_area_1, sprint2_forest_area_1,
          sprint2_light_combat_area_1, sprint2_behind_water_1,
          sprint2_near_end_vault_1]

Skill      XL: |  1  2  3  4  5  6  7 |
---------------+----------------------+-----
Dodging        | 3 4 5 |  5.6
Stealth        | 3 |  3.1
Spellcasting   | 3 4 5 7 8 |  8.9
Earth Magic    | 7 9 10 13 14 | 14.0
Transmutations | 1 2 |  2.0
Unarmed Combat | |  0.9

Action                   |  1- 3 |  4- 6 |  7- 9 || total
-------------------------+-------+-------+-------++-------
Melee: Unarmed           |     5 |     9 |       ||    14
 Cast: Sandblast         |     3 |     4 |     3 ||    10
       Lee's Rapid Decon |       |     2 |    11 ||    13
       Petrify           |       |       |     3 ||     3
  Use: Potion            |     1 |     2 |     1 ||     4
Armor: Robe              |     2 |     3 |       ||     5
Dodge: Dodged            |     4 |     7 |     2 ||    13

Table legend: (Time is in decaauts)
 A = Elapsed time spent in this place.
 B = Non-inter-level travel time spent in this place.
 C = Inter-level travel time spent in this place.
 D = Time resting spent in this place.
 E = Time spent auto-exploring this place.
 F = Levels seen in this place.
 G = Mean time per level.
                   A        B        C        D        E       F      G
               +--------+--------+--------+--------+--------+-----+--------+
         Total |    576 |    576 |      0 |    445 |      0 |   1 |  576.0 |
       Dungeon |    576 |    576 |      0 |    445 |      0 |   1 |  576.0 |
               +--------+--------+--------+--------+--------+-----+--------+

Top non-repeatable levels by time:
       D: 576 daAuts
